cohdb
Replays
Latest Replays
All Replays
Popular Replays
Top Player Replays
Match Explorer
How It Works
Community
CoH3 Stats
Reddit
Sign in to upload your games and track your stats! →
Sign in with Steam
Match 46115264
Unlisted
Match 46115264
Overview
Messages
Build Orders
End
Panzergrenadier Squad
Panzergrenadier Squad
Construct Light Support Kompanie
MG34 Team
MG34 Team
Fire Support Elements
Vehicle Survival Package
Panzerjäger Mechanized Group
Flakvierling Half-track
Construct Mechanized Kompanie
Panzerjäger Squad
2.5-tonne Medical Truck
Selects Armored Support Battlegroup
Selects Salvage Kits
Selects Panzer Storm
Construct Panzerarmee Kommand
Selects Stuka Anti-tank Loiter
Armored Reserves
Pak 38 Mechanized Group
Panzer III L Medium Tank
Selects Veteran Gunners
Stuka Anti-tank Loiter
MonKeY
Smash
crywo1f
Gear-IV-G
0
0
Comments
sign in to comment!
No comments posted yet!